AoeStats
← Tetragamenon11

Arabia

509966327Analyzed
1v1 RM · 5d ago on Sep 28, 2026· 50m 38s· 2 players
Game mode
Random Map
Map size
Tiny (2 player)
Population
200
Speed
Normal
Resources
Standard
Victory
Conquest
Starting age
Dark Age
Ending age
Imperial Age
RankedLock teamsTeams togetherTeam positionsShared explorationLock speedFull tech treeHidden civsTurbo modeCheats
Victory
Defeat
🇪🇸 Hindustanis · Spain
1323
+16
🇵🇪 Inca · Peru
1332
-16
TdB.LinzE
6:48 Loom
9:57 Feudal Age
12:08 Man-at-Arms
19:10 Fletching
20:29 Padded Archer Armor
21:48 Horse Collar
25:55 Castle Age
24:50 Stone Mining
25:45 Scale Mail Armor
25:57 Forging
25:50 Gold Mining
27:15 Chain Mail Armor
31:29 Squires
32:39 Double-Bit Axe
33:58 Iron Casting
34:20 Light Cavalry
35:50 Bloodlines
38:05 Town Watch
44:44 Imperial Age
42:50 Husbandry
42:58 Scale Barding Armor
44:06 Chain Barding Armor
44:02 Leather Archer Armor
44:31 Bow Saw
46:29 Chemistry
46:20 Conscription
48:53 Gold Shaft Mining
Tetragamenon11
3:42 Loom
10:02 Feudal Age
10:40 Double-Bit Axe
10:46 Champi Runner
15:51 Fletching
20:11 Wheelbarrow
20:21 Horse Collar
25:34 Castle Age
24:37 Gold Mining
25:03 Scale Mail Armor
26:25 Squires
26:44 Forging
26:51 Champi Warrior
28:24 Chain Mail Armor
31:16 Bow Saw
32:47 Bodkin Arrow
34:09 Heavy Plow
34:26 Padded Archer Armor
37:14 Ballistics
37:33 Leather Archer Armor
41:01 Imperial Age
42:18 Pikeman
43:37 Halberdier
46:51 Iron Casting
48:46 Chemistry
48:33 Elite Skirmisher
49:34 Bracer
49:42 Thumb Ring
Connection lost

Rejoining the realm…

Still unreachable

The connection could not be restored.

Session expired

The server has moved on; the page needs a fresh start.